cohdb
Replays
Latest Replays
All Replays
Popular Replays
Top Player Replays
Match Explorer
How It Works
Community
CoH3 Stats
Reddit
Sign in to upload your games and track your stats! →
Sign in with Steam
Match 41116260
Unlisted
Match 41116260
Overview
Messages
Build Orders
End
Construct Weapon Support Center
Engineer Squad
Selects Heavy Weapons
M1919 Machine Gun Team
M1919 Machine Gun Team
Engineer Squad
Mechanized Support Center
Selects Assault Carriers
M3 Assault Carrier
M1919 Machine Gun Team
M3 Assault Carrier
M1919 Machine Gun Team
Selects Halftrack Strongpoints
Engineer Squad
M3 Assault Carrier
Designate Forward Repair Station
M1919 Machine Gun Team
M3 Assault Carrier
M3 Assault Carrier
Construct Tank Depot
Scout Squad
M18 Hellcat Tank Destroyer
Improvised Armor
M1919 Machine Gun Team
M18 Hellcat Tank Destroyer
M1919 Machine Gun Team
Selects M26 Pershing Heavy Tank
Selects M2HB .50cal Heavy Machine Gun
Selects Rapid Reposition
Designate Forward Repair Station
M18 Hellcat Tank Destroyer
Minimizen
Lero
Lyara
CalmSassarShow
|_THUNDER_|
[QSA] Aerocrastic
Rajoob
Herald of Salt
0
0
Comments
sign in to comment!
No comments posted yet!